 Dungeon Crawl Stone Soup version 0.31-a0-569-g7ea453304b (webtiles) character file.

Game seed: 4277024489381049364

58 Ethylacetat the Insei (level 4, -2/30 HPs)
             Began as an Octopode Gladiator on Aug 18, 2023.
             Was an Initiate of Gozag.
             Slain by an orc
             ... wielding a +0 flail
              (4 damage)
             ... on level 5 of the Dungeon.
             The game lasted 00:01:56 (1271 turns).

Ethylacetat the Insei (Octopode Gladiator)          Turns: 1271, Time: 00:01:56

Health: -2/30      AC:  1    Str: 13    XL:     4   Next: 1%
Magic:  4/4        EV: 14    Int: 10    God:    Gozag
Gold:   39         SH:  0    Dex: 15    Spells: 3/3 levels left

rFire   . .          .
                       - Unarmed
rCold   . . .        (no shield)
rNeg    . . .        a - +0 hat
rPois   .            (no amulet)
rElec   .            (no ring)
rCorr   .            (no ring)
SInv    .            (no ring)
Will    .....        (no ring)
Stlth   ++           (no ring)
HPRegen 0.25/turn    (no ring)
MPRegen 0.09/turn    (no ring)
                     (no ring)

%: no passive effects
@: lethally poisoned (-2 -> -7), gold aura
A: almost no armour, amphibious, 8 rings, camouflage 1, gelatinous body 1,
(nimble swimmer 1), tentacles
a: Renounce Religion, Potion Petition, Call Merchant, Bribe Branch


You were on level 5 of the Dungeon.
You worshipped Gozag.
Gozag was noncommittal.
You visited 2 branches of the dungeon, and saw 5 of its levels.

You collected 118 gold pieces.
You paid 79 gold pieces to Gozag.

Inventory:

Missiles
 b - 3 throwing nets (quivered)
 c - a javelin
Armour
 a - a +0 hat (worn)
Scrolls
 e - 3 scrolls of noise {unknown}
 f - 3 scrolls of identify {unknown}
Potions
 g - a potion of mutation {unknown}
 h - a potion of resistance {unknown}
 i - a potion of might {unknown}


   Skills:
 + Level 2.6 Fighting
 + Level 2.5 Throwing
 + Level 3.5 Dodging
 + Level 3.5 Unarmed Combat


You had 3 spell levels left.
You didn't know any spells.
Your spell library contained the following spells:

 Spells                   Type           Power      Damage    Failure   Level
 Freeze                   Ice            0%         1d3       36%         1
 Ensorcelled Hibernation  Hex/Ice        0%         N/A       50%         2
 Frozen Ramparts          Ice            0%         1d1       75%         3
 Hailstorm                Conj/Ice       0%         3d3       75%         3
 Anguish                  Hex/Necr       0%         N/A       98%         4


Dungeon Overview and Level Annotations

Branches:
Dungeon (5/15)             Temple (1/1) D:5

Altars:
Ashenzari
Cheibriados
Dithmenos
Gozag
Makhleb
Nemelex Xobeh
Okawaru
Qazlal
Sif Muna
Trog
Wu Jian
Xom
Yredelemnul
The Shining One


Innate Abilities, Weirdness & Mutations

You cannot wear most types of armour.
You are amphibious.
You can wear up to eight rings at the same time.
Your skin changes colour to match your surroundings (Stealth+).
Your rubbery body absorbs attacks. (AC +1, EV +1)
((You are camouflaged when in or above water. (Stealth+)))
You have tentacles for arms and can constrict up to eight enemies at once.


Message History

A white imp comes into view.
Found a pink potion.
An ufetubus comes into view.
The orc closely misses you.
The orc puts on a burst of speed as it pursues you!
The ufetubus shouts!
The orc priest casts a cantrip, but nothing happens.
You tentacle-slap the orc. You grab the orc.
The orc is severely wounded.
You constrict the orc.
The orc priest looks satisfied for a moment.
The white imp hits you. The white imp freezes you.
The orc hits you with a +2 dagger of venom.
You are poisoned.
The ufetubus shouts!
You tentacle-slap the orc.
You kill the orc!
You feel very sick.
The orc is distracted by your dazzling golden aura.
The white imp hits you. The white imp freezes you.
* * * LOW HITPOINT WARNING * * *
The orc shouts!
You have reached level 4!
It was a potion of heal wounds.
You feel much better.
You feel sick.
The orc is no longer distracted by gold.
The ufetubus hits you. The ufetubus barely misses you.
The orc closely misses you. The white imp gestures at you.
The puff of frost hits you! The ufetubus completely misses you.
The ufetubus hits you.
You tentacle-slap the ufetubus. You grab the ufetubus.
You squeeze the ufetubus, but do no damage.
The ufetubus is heavily wounded.
You constrict the ufetubus.
You feel sick. The ufetubus hits you.
* * * LOW HITPOINT WARNING * * *
The ufetubus hits you.
* * * LOW HITPOINT WARNING * * *
The orc hits you with a +0 flail.
You die...
Your body crumbles into a pile of gold.

#...## ###..####........
#...### ##....#......##
........########........ #
# .....................##
#.. ..#.#....#.##.........
....
#.#.#.##.#..........#.
#.#..#...........#....##.#
.......##.#5#.#.#.##.# .#
###...#.oo.#@#.#........ .
.
##.....#....o5........##<.
##........#.#.>.#.##..##
.##
#......##.#5#...#....#.. #
#.............#....#.#.##
#........#.##(#.##.# ...
##.......#....(.. ... ##
#......#....##.#.#.#.#
#!.....#.##.. .#.#.#..


You could see a white imp, an orc and an ufetubus.

Vanquished Creatures
  5 dart slugs
  3 orcs
  2 endoplasms
  2 giant cockroaches
  5 goblins
  3 hobgoblins
  3 quokkas
  3 ball pythons
  3 bats
  2 frilled lizards (D:1)
  3 kobolds (D:1)
  8 rats
42 creatures vanquished.

Notes
Turn   | Place    | Note
-------+----------+-------------------------------------------
     0 | D:1      | Ethylacetat the Octopode Gladiator began the quest for the
                  | Orb.
     0 | D:1      | Reached XP level 1. HP: 14/14 MP: 1/1
   103 | D:1      | Reached XP level 2. HP: 11/19 MP: 2/2
   361 | D:1      | Reached XP level 3. HP: 21/25 MP: 3/3
   404 | D:1      | Found a faded altar of an unknown god.
  1137 | D:3      | You fall into a shaft and drop 2 floors!
  1137 | D:5      | Entered Level 5 of the Dungeon
  1169 | D:5      | Found a snail-covered altar of Cheibriados.
  1204 | D:5      | Found a staircase to the Ecumenical Temple.
  1211 | Temple   | Entered the Ecumenical Temple
  1230 | Temple   | Became a worshipper of Gozag Ym Sagoz the Greedy
  1270 | D:5      | Reached XP level 4. HP: 8/30 MP: 4/4
  1271 | D:5      | Slain by an orc

Illustrated notes

Levels and vault maps discovered:
D:1:      dpeg_arrival_rooms_with_view, layout_basic,
          shapermc_ecumenical_altar_mp_urbaneastern
D:2:      layout_rooms
D:3:      layout_loops_ring, serial_glass, glass_columns_c, glass_columns_b,
          glass_columns_a, glass_columns_a, glass_columns_c, glass_columns_b,
          glass_columns_a, glass_columns_b, gammafunk_ghost_cemetery,
          chequers_serial_rivers_small_3
D:5:      layout_rooms, mainiacjoe_overflow_catwalk, old_standard_altar,
          mainiacjoe_overflow_paths, minmay_temple_entry_ruins,
          uniq_crazy_yiuf_cottage, uniq_sigmund
Temple:   nicolae_temple_figure_eight

Action                     |  1- 3 |  4- 6 || total
---------------------------+-------+-------++-------
  Melee: Unarmed           |    81 |     1 ||    82
         Tentacles         |    16 |     1 ||    17
         Constrict         |    21 |     1 ||    22
         Punch             |     2 |       ||     2
    Use: Potion            |       |     1 ||     1
   Stab: Sleeping          |     9 |       ||     9
 Armour: Skin              |     3 |       ||     3
  Dodge: Dodged            |    42 |     3 ||    45

Table legend: (Time is in decaauts)
 A = Elapsed time spent in this place.
 B = Non-inter-level travel time spent in this place.
 C = Inter-level travel time spent in this place.
 D = Time resting spent in this place.
 E = Time spent auto-exploring this place.
 F = Levels seen in this place.
 G = Mean time per level.
                   A        B        C        D        E       F      G
               +--------+--------+--------+--------+--------+-----+--------+
         Total |   1266 |   1116 |    150 |      0 |    872 |   5 |  253.2 |
       Dungeon |   1229 |   1113 |    116 |      0 |    872 |   4 |  307.2 |
        Temple |     36 |      2 |     34 |      0 |      0 |   1 |   36.0 |
               +--------+--------+--------+--------+--------+-----+--------+

Top non-repeatable levels by time:
     D:1: 667 daAuts
     D:2: 461 daAuts
     D:5: 97 daAuts
  Temple: 36 daAuts
     D:3: 2 daAuts
